 Dungeon Crawl Stone Soup version 0.30.1-3-gfc49f6343a (webtiles) character file.

Game seed: 14300856391985175091

441 Almogavar the Trooper (level 7, 0/44 HPs)
             Began as a Gargoyle Fighter on July 19, 2023.
             Slain by Duvessa
             ... wielding a +0 short sword
              (2 damage)
             ... on level 4 of the Dungeon.
             The game lasted 00:06:53 (2819 turns).

Almogavar the Trooper (Gargoyle Fighter)            Turns: 2819, Time: 00:06:54

Health: 0/44       AC: 14    Str: 21    XL:     7   Next: 2%
Magic:  7/7        EV:  9    Int:  9    God:
Gold:   233        SH:  4    Dex:  9    Spells: 6/6 levels left

rFire   . . .        a - +0 flail
rCold   . . .        c - +0 buckler
rNeg    + . .        b - +0 scale mail
rPois   ∞            (no helmet)
rElec   +            (no cloak)
rCorr   .            (no gloves)
SInv    .            p - +1 pair of boots
Will    .....        (no amulet) Stlth
                     r - ring of flight
HPRegen 0.27/turn    (no ring)
MPRegen 0.10/turn

%: no passive effects
@: mighty, flying
A: sickness immunity, AC +4, negative energy resistance 1, electricity
resistance, torment resistance 1, petrification resistance
a: no special abilities


You were on level 4 of the Dungeon.
You visited 1 branch of the dungeon, and saw 4 of its levels.

You collected 233 gold pieces.

Inventory:

Hand Weapons
 a - a +0 flail (weapon)
 j - a +0 whip of draining
Missiles
 t - a throwing net (quivered)
Armour
 b - a +0 scale mail (worn)
 c - a +0 buckler (worn)
 n - a +0 chain mail
 p - a +1 pair of boots (worn)
Magical Staves
 h - a staff of earth
Jewellery
 r - a ring of flight (left hand)
 B - a ring of protection from fire
Wands
 y - a wand of polymorph (9)
Scrolls
 f - a scroll of butterflies
 g - a scroll of fear {unknown}
 i - 2 scrolls of teleportation
 o - a scroll of enchant armour
 s - a scroll of vulnerability {unknown}
 u - 2 scrolls of torment {unknown}
 w - a scroll of fog {unknown}
 z - a scroll of amnesia {unknown}
Potions
 e - a potion of lignification
 k - a potion of mutation {unknown}
 l - a potion of heal wounds {unknown}
 q - a potion of haste {unknown}
 v - a potion of degeneration {unknown}
 x - a potion of flight {unknown}
 A - a potion of curing {unknown}
 C - a potion of berserk rage {unknown}


   Skills:
 + Level 4.9 Fighting
 + Level 4.9 Maces & Flails
 + Level 4.4 Armour
 + Level 1.0 Dodging
 + Level 0.5 Stealth
 + Level 4.2 Shields


You had 6 spell levels left.
You didn't know any spells.
Your spell library contained the following spells:

 Spells                   Type           Power      Damage    Failure   Level
 Freeze                   Ice            0%         1d3       78%         1
 Frozen Ramparts          Ice            0%         1d1       98%         3
 Hailstorm                Conj/Ice       0%         3d3       98%         3


Dungeon Overview and Level Annotations

Branches:
Dungeon (4/15)
 Temple: D:4-7

Altars:

Shops:
D:1 !**!   D:2 :

Annotations:
D:4 Duvessa


Innate Abilities, Weirdness & Mutations

You are immune to sickness and miasma.
Your stone body is resilient. (AC +4)
You are immune to poison.
You resist negative energy. (rN+)
You are resistant to electric shocks. (rElec)
You are resistant to unholy torment.
You are immune to petrification.


Message History

You hit Dowan.
Dowan is lightly wounded.
Duvessa hits you but does no damage.
Dowan hits you with a +2 dagger of venom.
You miss Dowan.
Dowan is lightly wounded.
Duvessa hits you with a +0 short sword! Dowan hits you but does no damage.
You barely miss Dowan.
Dowan is lightly wounded.
You block Duvessa's attack. Dowan hits you but does no damage.
You barely miss Dowan.
Dowan is lightly wounded.
Duvessa hits you but does no damage.
Dowan hits you with a +2 dagger of venom.
You completely miss Dowan.
Dowan is lightly wounded.
Duvessa barely misses you.
Dowan says, "Magic and the sword, together, will defeat you."
Dowan hits you with a +2 dagger of venom. x2
You block Duvessa's attack.
You completely miss Dowan. Duvessa hits you with a +0 short sword.
Dowan gestures at Duvessa while chanting.
Duvessa seems to speed up.
You feel very mighty all of a sudden. Duvessa closely misses you.
Dowan hits you but does no damage.
You bludgeon Dowan!!
Dowan is severely wounded.
Duvessa misses you. Duvessa hits you with a +0 short sword.
Dowan closely misses you.
You barely miss Dowan.
Dowan is severely wounded.
Duvessa hits you with a +0 short sword. Dowan closely misses you.
Duvessa hits you but does no damage.
You sock Dowan!
You kill Dowan!
Duvessa weeps, and shakes her weapon.
Duvessa goes berserk!
Duvessa hits you with a +0 short sword!
* * * LOW HITPOINT WARNING * * *
Duvessa hits you with a +0 short sword.
You die...

#..###......# ..
##......######## .
.<................
#.##......########
..........######
##..####......#
##. ##.
###.##.#>... ..
#..#...# # ##@..#
.......)e...#
..###..........
####.......
##..### #.# .# #


You could see Duvessa (berserk, fast).

Vanquished Creatures
  Sigmund (D:3)
  Dowan (D:4)
  2 hounds (D:4)
  5 gnolls
  6 adders
  A white imp (D:3)
  4 worms
  3 dart slugs
  4 orcs (D:3)
  5 bats
  7 endoplasms
  5 giant cockroaches
  3 goblins
  8 hobgoblins
  4 jackals (D:1)
  5 kobolds
  3 quokkas
  9 ball pythons
  3 frilled lizards
  7 rats
86 creatures vanquished.

Notes
Turn   | Place    | Note
-------+----------+-------------------------------------------
     0 | D:1      | Almogavar the Gargoyle Fighter began the quest for the Orb.
     0 | D:1      | Reached XP level 1. HP: 14/14 MP: 1/1
   120 | D:1      | Found Wuaq Giogac's Distillery.
   128 | D:1      | Reached XP level 2. HP: 19/19 MP: 2/2
   341 | D:1      | Reached XP level 3. HP: 23/23 MP: 3/3
   486 | D:1      | Found Kaick's Distillery.
   503 | D:1      | Found Pairopn's Assorted Antiques.
   507 | D:1      | Found Funlytem's Assorted Antiques.
  1008 | D:2      | Reached XP level 4. HP: 29/29 MP: 4/4
  1069 | D:2      | Found Ulusohef's Vocational Training.
  1257 | D:2      | Found a faded altar of an unknown god.
  1670 | D:3      | Reached XP level 5. HP: 33/33 MP: 5/5
  2073 | D:3      | Noticed Sigmund
  2093 | D:3      | Killed Sigmund
  2094 | D:3      | Reached skill level 1 in Dodging
  2094 | D:3      | Reached XP level 6. HP: 27/39 MP: 6/6
  2623 | D:4      | Reached XP level 7. HP: 17/44 MP: 7/7
  2805 | D:4      | Noticed Duvessa
  2805 | D:4      | Noticed Dowan
  2819 | D:4      | Killed Dowan
  2819 | D:4      | HP: 2/44 [Duvessa/+0 short sword (16)]
  2819 | D:4      | Slain by Duvessa

Illustrated notes

Levels and vault maps discovered:
D:1:      tarquinn_simple_flora_water_a, layout_loops_ring, serial_shops,
          nicolae_shop_stone, shop, shop, nicolae_shop_trees,
          nicolae_concentric_dashed_squares_wild
D:2:      layout_loops_ring, ebering_ecumenical_altar_sacrificial,
          nicolae_shop_vocational
D:3:      layout_loops_ring, uniq_sigmund
D:4:      layout_rooms, dreamdust_gnoll_farm, uniq_duvessa

Skill      XL: |  1  2  3  4  5 |
---------------+----------------+-----
Fighting       | 4 |  4.9
Maces & Flails | 3 4 |  4.9
Armour         | 4 |  4.4
Dodging        | 1 |  1.0
Shields        | 4 |  4.2
Stealth        | |  0.5

Action                     |  1- 3 |  4- 6 |  7- 9 || total
---------------------------+-------+-------+-------++-------
  Melee: Flail             |   117 |   197 |    15 ||   329
    Use: Scroll            |       |     4 |       ||     4
         Potion            |       |       |     1 ||     1
 Armour: Scale mail        |    63 |   109 |     9 ||   181
  Dodge: Dodged            |    60 |    98 |    10 ||   168
  Block: Buckler           |    26 |    47 |     2 ||    75
